 Dungeon Crawl Stone Soup version 0.30-a0-365-ge7f957f (webtiles) character file.

Game seed: 14752690224396221890

88 Dorkslayer the Poker (level 4, -2/37 HPs)
             Began as a Merfolk Fighter on Nov 16, 2022.
             Slain by a hobgoblin (4 damage)
             ... on level 2 of the Dungeon.
             The game lasted 00:02:19 (861 turns).

Dorkslayer the Poker (Merfolk Fighter)               Turns: 861, Time: 00:02:20

Health: -2/37      AC:  7    Str: 16 (18) XL:     4   Next: 54%
Magic:  4/4        EV:  9    Int:  4 (7)  God:
Gold:   44         SH:  9    Dex: 11 (13) Spells: 3/3 levels left

rFire   . . .      SeeInvis .    a - +0 trident
rCold   . . .      Faith    .    c - +0 buckler
rNeg    . . .      Spirit   .    b - +0 scale mail
rPois   .          Reflect  +    (no helmet)
rElec   .          Harm     .    e - +0 cloak
rCorr   .          Rampage  .    (no gloves)
Will    .....                    (no boots)
Stlth   ..........               g - amulet of reflection
HPRegen 0.26/turn                l - ring of flight
MPRegen 0.09/turn                (no ring)

@: flying
A: (nimble swimmer 2), mertail
a: no special abilities


You were on level 2 of the Dungeon.
You visited 1 branch of the dungeon, and saw 2 of its levels.

You collected 44 gold pieces.

Inventory:

Hand Weapons
 a - a +0 trident (weapon)
 k - a +1 hand axe of flaming
Armour
 b - a +0 scale mail (worn)
 c - a +0 buckler (worn)
 e - a +0 cloak (worn)
Jewellery
 g - an amulet of reflection (around neck)
 l - a ring of flight (left hand)
Scrolls
 f - a scroll of teleportation {unknown}
 h - a scroll of amnesia {unknown}
 i - a scroll of enchant armour {unknown}
 j - a scroll of torment {unknown}
Potions
 d - 2 potions of might


   Skills:
 + Level 3.8 Fighting
 + Level 4.0 Polearms
 + Level 2.5 Armour
 * Level 2.1 Dodging
 + Level 3.4 Shields


You had 3 spell levels left.
You didn't know any spells.
Your spell library was empty.

Dungeon Overview and Level Annotations

Branches:
Dungeon (2/15)

Altars:


Innate Abilities, Weirdness & Mutations

((You are very nimble when in or above water. (Stealth+, EV+, Speed+++)))
Your lower body shifts to a powerful aquatic tail in water.


Message History

You hit the gnoll.
You kill the gnoll!
You block the gnoll's attack.
Your Dodging skill increases to level 2!
The gnoll hits you with a +0 spear.
* * * LOW HITPOINT WARNING * * *
Items here: )) †††.
You puncture the gnoll!
The gnoll is severely wounded.
The gnoll hits you but does no damage.
You puncture the gnoll!
You kill the gnoll!
Your Polearms skill increases to level 4!
You see here a +0 spear.
Items here: )) †††.
You start resting.
You see here a +0 spear.
You start resting.
An orc comes into view. It is wielding a +0 dagger.
Items here: )) †††.
A hobgoblin comes into view.
Found 5 boomerangs.
You see here a worm corpse.
An orc and an orc wizard come into view.
The orc wizard shouts!
You hear a shout! x3
An orc priest comes into view. It is wielding a +0 club.
An orc comes into view. It is wielding a +0 short sword.
The orc shouts!
You hear a shout!
The orc priest miscasts a cantrip.
The orc priest calls down the wrath of Beogh upon you.
Beogh smites you!
The orc priest invokes the aid of Beogh against you.
Beogh smites you!
* * * LOW HITPOINT WARNING * * *
It was a potion of degeneration.
There was something very wrong with that liquid.
You feel weakened.
You feel dopey.
You feel clumsy. The hobgoblin barely misses you.
You barely miss the hobgoblin. The hobgoblin hits you.
You die...

..(.. .# .......#
.......######.
..............
#g#...........
#.#.##........
############..........##
......<#.).†...g@......#
........)###.o###o.....#
#.......## #..##.......#
#...o..##
#..#.o.####.... ........
#o#.o### ... .##.#...
.....## .. #.###..#..o..
#. #...o### #....


You could see an orc wizard, an orc and a hobgoblin.

Vanquished Creatures
  4 gnolls
  2 adders (D:2)
  A worm (D:2)
  A dart slug (D:1)
  5 endoplasms (D:1)
  2 goblins (D:1)
  3 hobgoblins (D:1)
  A quokka (D:1)
  4 ball pythons
  A bat (D:1)
  2 frilled lizards (D:1)
  3 kobolds (D:1)
  2 rats (D:1)
31 creatures vanquished.

Vanquished Creatures (others)
  A fungus (D:1)
1 creature vanquished.

Grand Total: 32 creatures vanquished

Notes
Turn   | Place    | Note
-------+----------+-------------------------------------------
     0 | D:1      | Dorkslayer the Merfolk Fighter began the quest for the Orb.
     0 | D:1      | Reached XP level 1. HP: 18/18 MP: 1/1
    69 | D:1      | Reached XP level 2. HP: 24/24 MP: 2/2
    93 | D:1      | Reached skill level 1 in Dodging
   148 | D:1      | Found a faded altar of an unknown god.
   285 | D:1      | Reached skill level 3 in Polearms
   354 | D:1      | Reached XP level 3. HP: 29/29 MP: 3/3
   793 | D:2      | Reached XP level 4. HP: 27/37 MP: 4/4
   808 | D:2      | Reached skill level 4 in Polearms
   857 | D:2      | HP: 1/37 [orc priest/divine providence (11)]
   861 | D:2      | Slain by a hobgoblin

Illustrated notes

Levels and vault maps discovered:
D:1:      spicycebolla_green_bress_n_ham, layout_loops_cross,
          shapermc_ecumenical_altar_hornbeckon, minmay_misc_feat_rugged,
          item_on_display_a
D:2:      layout_rooms

Skill      XL: |  1  2  3  4 |
---------------+-------------+-----
Dodging        | 1 2 |  2.1
Polearms       | 3 4 |  4.0
Fighting       | |  3.8
Armour         | |  2.5
Shields        | |  3.4

Action                   |  1- 3 |  4- 6 || total
-------------------------+-------+-------++-------
Melee: Trident           |    72 |    15 ||    87
       Tailslap          |     1 |       ||     1
  Use: Potion            |       |     1 ||     1
Armor: Scale mail        |    24 |     2 ||    26
Dodge: Dodged            |    21 |     6 ||    27
Block: Buckler           |    28 |    12 ||    40
       Reflection        |     1 |       ||     1

Table legend: (Time is in decaauts)
 A = Elapsed time spent in this place.
 B = Non-inter-level travel time spent in this place.
 C = Inter-level travel time spent in this place.
 D = Time resting spent in this place.
 E = Time spent auto-exploring this place.
 F = Levels seen in this place.
 G = Mean time per level.
                   A        B        C        D        E       F      G
               +--------+--------+--------+--------+--------+-----+--------+
         Total |    868 |    868 |      0 |     40 |    347 |   2 |  434.0 |
       Dungeon |    868 |    868 |      0 |     40 |    347 |   2 |  434.0 |
               +--------+--------+--------+--------+--------+-----+--------+

Top non-repeatable levels by time:
     D:1: 776 daAuts
     D:2: 92 daAuts
